cohdb
Replays
Latest Replays
All Replays
Popular Replays
Top Player Replays
Match Explorer
How It Works
Community
CoH3 Stats
Reddit
Sign in to upload your games and track your stats! →
Sign in with Steam
Match 44501538
Unlisted
Match 44501538
Overview
Messages
Build Orders
End
Kettenkrad Recon Vehicle
Construct Infanterie Kompanie
MG 42 Machine Gun Team
MG 42 Machine Gun Team
Grenadier Squad
GrW 34 Mortar Team
Construct Panzergrenadier Kompanie
Pak 40 Anti-tank Gun Team
251 Medium Carrier
Selects Mechanized Battlegroup
Support Elements
Nebelwerfer 42 Rocket Launcher Team
Selects Mobile Repair Stations
Selects Wespe Self-propelled Artillery
Wespe Self-propelled Artillery
Wespe Self-propelled Artillery
Construct Panzer Kompanie
Selects Raid Package
Sturmpanzer IV Brummbär
Selects 8 Rad Armored Car
Selects UNKNOWN (2160084)
Kettenkrad Recon Vehicle
Panther Heavy Tank
Sturmpanzer IV Brummbär
Wespe Self-propelled Artillery
Panther Heavy Tank
Fratley
IronDragon
Zero
skyhawkfranky
707
Svenious Jakobus (GB)
SneaKerz
gb_gbg
0
0
Comments
sign in to comment!
No comments posted yet!